Flyers vs Panthers

Created - Sunday, October 11, 2015 at 02:50

Goals
1 2 3 T
Flyers 3 1 2 6
Panthers 1 0 0 1
Shots
1 2 3 T
Flyers 9 12 8 29
Panthers 5 8 10 23

1st period

1. Panthers , Brad Boyes 1 (Charlie Coyle) at 5:58 (PP)
2. Flyers , Bryan Little 3 (Corey Perry) at 9:12 (PP)
3. Flyers , Taylor Hall 2 (Riley Nash, Jarret Stoll) at 14:03
4. Flyers , Evgeni Malkin 3 (Niklas Kronwall) at 16:32 (SH)

Penalties :
Curtis Lazar (Fla) for Unsportsmanlike conduct (Minor) at 3:42, Jarret Stoll (Phi) for Hooking (Minor) at 5:56, Adam Larsson (Fla) for Slashing (Minor) at 7:54, Alex Galchenyuk (Fla) for Holding (Minor) at 8:38, Sean Bergenheim (Fla) for Holding (Minor) at 10:51, Eric Brewer (Phi) for Hooking (Minor) at 15:49, P.K. Subban (Phi) for Hooking (Minor) at 19:23

2nd period

5. Flyers , Jakub Voracek 1 (P.K. Subban, Corey Crawford) at 10:25 (PP)

Penalties :
Taylor Hall (Phi) for Hooking (Minor) at 4:00, Calvin de Haan (Fla) for Tripping (Minor) at 10:09, Jarret Stoll (Phi) for Hooking (Minor) at 11:33

3rd period

6. Flyers , Corey Perry 2 (Bryan Little) at 18:45 (PP)
7. Flyers , P.K. Subban 1 (Corey Perry, Bryan Little) at 19:14 (PP)

Penalties :
Corey Perry (Phi) for Hooking (Minor) at 1:45, Chris Kreider (Phi) for Cross-checking (Minor) at 2:52, Adam Larsson (Fla) for Hooking (Minor) at 6:10, Tim Gleason (Phi) for Interference (Minor) at 10:25, Gabriel Landeskog (Phi) for Hooking (Minor) at 13:12, Alex Galchenyuk (Fla) for High sticking (Minor) at 18:43, Simon Despres (Fla) for Holding Stick (Minor) at 18:48, P.K. Subban (Phi) for Roughing (Minor) at 19:29

Goalie Stats

Corey Crawford (Phi), 22 saves from 23 shots - (0.957), W, 2-0-0, 60:00 minutes
Michael Hutchinson (Fla), 2 saves from 2 shots - (1.000), 1:39 minutes
Robin Lehner (Fla), 21 saves from 27 shots - (0.778), L, 0-1-0, 58:21 minutes

Players Stats for Flyers

Player Name              G  A  P  +/- PIM S  H  SB GA TA FO     MP     PP MP  PK MP  
------------------------------------------------------------------------------------
Barret Jackman           0  0  0   0  0   1  0  0  0  0  0/0    21:34   4:11   6:32 
Bryan Little             1  2  3   0  0   1  1  0  1  0  22/33  25:57   4:48  10:17 
Chris Kreider            0  0  0   1  2   1  2  0  0  0  0/2     7:48   0:00   1:44 
Corey Perry              1  2  3   0  2   4  3  0  1  0  1/3    17:13   4:48   4:15 
Deryk Engelland          0  0  0   0  0   0  0  0  0  0  0/2     4:01   0:00   0:00 
Eric Brewer              0  0  0   1  2   1  1  1  0  1  0/0    10:52   0:00   0:00 
Evgeni Malkin            1  0  1   1  0   2  2  1  0  0  8/12   23:42   4:36   9:36 
Gabriel Landeskog        0  0  0   0  2   0  1  0  0  0  0/0    14:32   4:36   0:00 
Jakub Voracek            1  0  1   0  0   2  0  0  3  0  0/1    16:55   4:48   4:19 
Jarret Stoll             0  1  1   1  4   0  1  0  3  0  4/6    13:18   0:00   0:00 
Kyle Okposo              0  0  0   0  0   3  2  0  5  0  1/1    13:48   4:36   0:00 
Mark Stuart              0  0  0   0  0   0  0  0  0  0  0/0     0:00   0:00   0:00 
Niklas Kronwall          0  1  1   1  0   3  0  3  0  1  0/0    28:08   5:13   9:00 
P.K. Subban              1  1  2   1  4   4  1  3  1  1  0/0    26:13   5:13   7:07 
Riley Nash               0  1  1   1  0   1  2  1  2  0  0/0    12:17   0:00   0:00 
Taylor Hall              1  0  1   1  2   3  1  1  2  0  0/1    12:46   0:00   0:00 
Tim Gleason              0  0  0   1  2   0  0  1  0  0  0/0    12:43   0:00   1:53 
Tom Gilbert              0  0  0   0  0   3  2  1  0  1  0/0    21:34   4:11   6:32 

Players Stats for Panthers

Player Name              G  A  P  +/- PIM S  H  SB GA TA FO     MP     PP MP  PK MP  
------------------------------------------------------------------------------------
Adam Larsson             0  0  0  -1  4   2  2  0  0  2  0/0    25:24   8:20   3:51 
Alex Galchenyuk          0  0  0   0  4   2  2  1  3  0  0/2    21:23   8:11   5:12 
Alexander Semin          0  0  0  -1  0   1  0  0  0  0  1/1     9:45   0:00   0:00 
Brad Boyes               1  0  1  -1  0   3  1  0  0  0  0/0    16:09   7:21   0:00 
Calvin de Haan           0  0  0   0  2   1  1  0  0  1  0/0    22:26   7:12   3:08 
Charlie Coyle            0  1  1  -1  0   0  5  0  0  1  8/18   19:44   7:21   2:41 
Curtis Lazar             0  0  0   0  2   1  1  0  0  0  1/5     7:49   0:00   0:00 
Jakob Silfverberg        0  0  0  -1  0   1  0  1  2  0  0/0    16:09   7:21   0:00 
Jesper Fast              0  0  0   0  0   1  0  0  0  1  0/1     7:35   0:00   0:00 
Kevin Hayes              0  0  0  -1  0   3  0  0  0  1  2/3     9:45   0:00   0:00 
Lubomir Visnovsky        0  0  0  -1  0   0  0  0  0  0  0/0     9:05   0:00   0:00 
Nino Niederreiter        0  0  0   0  0   1  0  1  1  0  0/2    19:28   8:11   2:41 
Paul Byron               0  0  0  -1  0   2  1  1  2  0  0/0    10:45   0:00   0:56 
Robert Bortuzzo          0  0  0  -1  0   1  1  1  0  2  0/0    12:58   0:00   2:25 
Ron Hainsey              0  0  0  -1  0   3  1  4  0  0  0/0    28:27   8:20   6:16 
Ryan Johansen            0  0  0   0  0   1  2  0  3  0  13/29  22:55   8:11   6:43 
Sean Bergenheim          0  0  0   0  2   0  0  0  0  0  0/0     7:36   0:00   0:00 
Simon Despres            0  0  0   0  2   0  6  3  0  1  0/0    22:26   7:12   3:08 

3 Stars

1 - Bryan Little (Phi)
2 - Corey Perry (Phi)
3 - Corey Crawford (Phi)

Power Play

Flyers - 4 on 8 Attempt(s) - 50.00%
Panthers - 1 on 10 Attempt(s) - 10.00%

Penalty Kill

Flyers - 9 on 10 Attempt(s) - 90.00% - Score 1 goal in Penalty Kill
Panthers - 4 on 8 Attempt(s) - 50.00% - Score 0 goal in Penalty Kill

Team Stat

Flyers - Hits : 19 - Faceoff Wins : 36 - Blocked Shots : 12 - Penalty Minutes : 20
Panthers - Hits : 23 - Faceoff Wins : 25 - Blocked Shots : 12 - Penalty Minutes : 16

Official

Referees : Unknown
Linesman : Unknown

Game Notes

Michael Hutchinson is injured at 1:39 of 1st period (Right Hand)
Robin Lehner enters game at 1:39 of 1st period

Finance

Level 1 -- Attendance: 5891 (98.18%) -- Ticket Income $500,735
Level 2 -- Attendance: 4835 (96.70%) -- Ticket Income $241,750
Level 3 -- Attendance: 1963 (98.15%) -- Ticket Income $58,890
Level 4 -- Attendance: 3792 (94.80%) -- Ticket Income $64,464
Luxury Box -- Attendance: 898 (89.80%) -- Ticket Income $157,150
Game was played at the BankAtlantic Center.
Total Attendance: 17379 (96.55%)
Total Ticket Income: $1,022,989
Other Income: $501,265
Total Income: $1,524,254

Flyers

5 vs 5 Forward 
   Center                   Left Wing                Right Wing               Time % Phy DF OF 
 1 Bryan Little             Jakub Voracek            Corey Perry              35     1   2  2  
 2 Evgeni Malkin            Gabriel Landeskog        Kyle Okposo              30     1   2  2  
 3 Jarret Stoll             Taylor Hall              Riley Nash               22     1   2  2  
 4 Deryk Engelland          Chris Kreider            Bryan Little             13     1   2  2  

5 vs 5 Defense 
   Defense                  Defense                                           Time % Phy DF OF 
 1 P.K. Subban              Niklas Kronwall                                   35     1   2  2  
 2 Tom Gilbert              Barret Jackman                                    30     1   2  2  
 3 Eric Brewer              Tim Gleason                                       22     1   2  2  
 4 P.K. Subban              Niklas Kronwall                                   13     1   2  2  

PowerPlay Forward 
   Center                   Left Wing                Right Wing               Time % Phy DF OF 
 1 Bryan Little             Jakub Voracek            Corey Perry              60     1   2  2  
 2 Evgeni Malkin            Gabriel Landeskog        Kyle Okposo              40     1   2  2  

PowerPlay Defense
   Defense                  Defense                                           Time % Phy DF OF 
 1 P.K. Subban              Niklas Kronwall                                   60     1   2  2  
 2 Tom Gilbert              Barret Jackman                                    40     1   2  2  

Penalty Kill 4 Players Forward 
   Center                   Wing                     Time % Phy DF OF 
 1 Bryan Little             Evgeni Malkin            60     1   2  2  
 2 Corey Perry              Jakub Voracek            40     1   2  2  

Penalty Kill 4 Players Defense
   Defense                  Defense                  Time % Phy DF OF 
 1 P.K. Subban              Niklas Kronwall          60     1   2  2  
 2 Tom Gilbert              Barret Jackman           40     1   2  2  

Penalty Kill - 3 Players Forward 
   Forward                                           Time % Phy DF OF 
 1 Bryan Little                                      60     1   2  2  
 2 Evgeni Malkin                                     40     1   2  2  

Penalty Kill - 3 Players Defense
   Defense                  Defense                  Time % Phy DF OF 
 1 P.K. Subban              Niklas Kronwall          60     1   2  2  
 2 Tom Gilbert              Barret Jackman           40     1   2  2  

4 vs 4 Forward 
   Center                   Wing                     Time % Phy DF OF 
 1 Bryan Little             Evgeni Malkin            60     1   2  2  
 2 Corey Perry              Jakub Voracek            40     1   2  2  

4 vs 4 Defense
   Defense                  Defense                  Time % Phy DF OF 
 1 P.K. Subban              Niklas Kronwall          60     1   2  2  
 2 Tom Gilbert              Barret Jackman           40     1   2  2  

Last Minutes Offensive
   Center                   Left Wing                Right Wing               Defense                  Defense                  
   Bryan Little             Jakub Voracek            Corey Perry              P.K. Subban              Niklas Kronwall          

Last Minutes Defensive
   Center                   Left Wing                Right Wing               Defense                  Defense                  
   Bryan Little             Jakub Voracek            Corey Perry              P.K. Subban              Niklas Kronwall          

Goaltenders
Starting : Corey Crawford           
Backup : Darcy Kuemper            

Extra Forwards
Normal : Taylor Hall, Jarret Stoll, Chris Kreider - PP : Taylor Hall, Jarret Stoll - PK : Chris Kreider
Extra Defensemen
Normal : Eric Brewer, Tim Gleason, Tom Gilbert - PP : Eric Brewer - PK : Tim Gleason, Tom Gilbert
Penalty Shots
Bryan Little, Evgeni Malkin, Corey Perry, Jakub Voracek, Kyle Okposo

Panthers

5 vs 5 Forward 
   Center                   Left Wing                Right Wing               Time % Phy DF OF 
 1 Ryan Johansen            Alex Galchenyuk          Nino Niederreiter        35     1   2  2  
 2 Charlie Coyle            Jakob Silfverberg        Brad Boyes               30     1   2  2  
 3 Kevin Hayes              Paul Byron               Alexander Semin          22     1   2  2  
 4 Curtis Lazar             Sean Bergenheim          Jesper Fast              13     1   2  2  

5 vs 5 Defense 
   Defense                  Defense                                           Time % Phy DF OF 
 1 Adam Larsson             Ron Hainsey                                       35     1   2  2  
 2 Calvin de Haan           Simon Despres                                     30     1   2  2  
 3 Lubomir Visnovsky        Robert Bortuzzo                                   22     1   2  2  
 4 Adam Larsson             Ron Hainsey                                       13     1   2  2  

PowerPlay Forward 
   Center                   Left Wing                Right Wing               Time % Phy DF OF 
 1 Ryan Johansen            Alex Galchenyuk          Nino Niederreiter        60     1   2  2  
 2 Charlie Coyle            Jakob Silfverberg        Brad Boyes               40     1   2  2  

PowerPlay Defense
   Defense                  Defense                                           Time % Phy DF OF 
 1 Adam Larsson             Ron Hainsey                                       60     1   2  2  
 2 Calvin de Haan           Simon Despres                                     40     1   2  2  

Penalty Kill 4 Players Forward 
   Center                   Wing                     Time % Phy DF OF 
 1 Ryan Johansen            Alex Galchenyuk          60     1   2  2  
 2 Nino Niederreiter        Charlie Coyle            40     1   2  2  

Penalty Kill 4 Players Defense
   Defense                  Defense                  Time % Phy DF OF 
 1 Adam Larsson             Ron Hainsey              60     1   2  2  
 2 Calvin de Haan           Simon Despres            40     1   2  2  

Penalty Kill - 3 Players Forward 
   Forward                                           Time % Phy DF OF 
 1 Ryan Johansen                                     60     1   2  2  
 2 Alex Galchenyuk                                   40     1   2  2  

Penalty Kill - 3 Players Defense
   Defense                  Defense                  Time % Phy DF OF 
 1 Adam Larsson             Ron Hainsey              60     1   2  2  
 2 Calvin de Haan           Simon Despres            40     1   2  2  

4 vs 4 Forward 
   Center                   Wing                     Time % Phy DF OF 
 1 Ryan Johansen            Alex Galchenyuk          60     1   2  2  
 2 Nino Niederreiter        Charlie Coyle            40     1   2  2  

4 vs 4 Defense
   Defense                  Defense                  Time % Phy DF OF 
 1 Adam Larsson             Ron Hainsey              60     1   2  2  
 2 Calvin de Haan           Simon Despres            40     1   2  2  

Last Minutes Offensive
   Center                   Left Wing                Right Wing               Defense                  Defense                  
   Ryan Johansen            Alex Galchenyuk          Nino Niederreiter        Adam Larsson             Ron Hainsey              

Last Minutes Defensive
   Center                   Left Wing                Right Wing               Defense                  Defense                  
   Ryan Johansen            Alex Galchenyuk          Nino Niederreiter        Adam Larsson             Ron Hainsey              

Goaltenders
Starting : Michael Hutchinson       
Backup : Robin Lehner             

Extra Forwards
Normal : Alexander Semin, Kevin Hayes, Paul Byron - PP : Alexander Semin, Kevin Hayes - PK : Paul Byron
Extra Defensemen
Normal : Lubomir Visnovsky, Robert Bortuzzo, Calvin de Haan - PP : Lubomir Visnovsky - PK : Robert Bortuzzo, Calvin de Haan
Penalty Shots
Ryan Johansen, Alex Galchenyuk, Nino Niederreiter, Charlie Coyle, Jakob Silfverberg

% Time on Ice - Flyers

Lines # - Real PCT - Wanted PCT - Time Play
Normal Forward
1 - 26% - 35% - 8:57
2 - 28% - 30% - 9:48
3 - 35% - 22% - 12:18
4 - 11% - 13% - 4:01
Normal Defense
1 - 38% - 35% - 13:10
2 - 31% - 30% - 10:52
3 - 29% - 22% - 10:17
4 - 2% - 13% - 0:45
PP Forward
1 - 51% - 60% - 4:48
2 - 49% - 40% - 4:36
PP Defense
1 - 55% - 60% - 5:13
2 - 45% - 40% - 4:11
PK Forward
1 - 71% - 60% - 10:21
2 - 29% - 40% - 4:19
PK Defense
1 - 61% - 60% - 8:56
2 - 39% - 40% - 5:44
PK3 Forward
1 - 100% - 60% - 0:52
2 - 0% - 40% - 0:00
PK3 Defense
1 - 8% - 60% - 0:04
2 - 92% - 40% - 0:48
44 Forward
1 - 0% - 60%
2 - 0% - 40%
44 Defense
1 - 0% - 60%
2 - 0% - 40%
Last Minute Offensive  - 0:00
Last Minute Defensive  - 0:00
Total
Forward - 60:00
Defense - 60:00

% Time on Ice - Panthers

Lines # - Real PCT - Wanted PCT - Time Play
Normal Forward
1 - 23% - 35% - 8:01
2 - 28% - 30% - 9:43
3 - 28% - 22% - 9:45
4 - 22% - 13% - 7:35
Normal Defense
1 - 39% - 35% - 13:34
2 - 35% - 30% - 12:07
3 - 26% - 22% - 9:05
4 - 1% - 13% - 0:18
PP Forward
1 - 53% - 60% - 8:11
2 - 47% - 40% - 7:21
PP Defense
1 - 54% - 60% - 8:20
2 - 46% - 40% - 7:12
PK Forward
1 - 70% - 60% - 6:09
2 - 30% - 40% - 2:41
PK Defense
1 - 65% - 60% - 5:44
2 - 35% - 40% - 3:06
PK3 Forward
1 - 100% - 60% - 0:34
2 - 0% - 40% - 0:00
PK3 Defense
1 - 94% - 60% - 0:32
2 - 6% - 40% - 0:02
44 Forward
1 - 0% - 60%
2 - 0% - 40%
44 Defense
1 - 0% - 60%
2 - 0% - 40%
Last Minute Offensive  - 0:00
Last Minute Defensive  - 0:00
Total
Forward - 60:00
Defense - 60:00

Play by Play

1st period


0:01 of 1st period - Bryan Little wins face-off versus Ryan Johansen in neutral zone.
0:14 of 1st period - P.K. Subban is hit by Ryan Johansen and loses puck.
1:35 of 1st period - Snap shot by Taylor Hall.
1:35 of 1st period - Shot Blocked by Ron Hainsey.
1:37 of 1st period - Slapshot by Barret Jackman.
1:37 of 1st period - Stopped by Michael Hutchinson with a rebound.
1:39 of 1st period - Snap shot by Riley Nash.
1:39 of 1st period - Stopped by Michael Hutchinson without a rebound.
1:39 of 1st period - Michael Hutchinson from Panthers is injured at 1:39 of 1st period (Right Hand).
1:39 of 1st period - Robin Lehner enters game.
1:40 of 1st period - Kevin Hayes wins face-off versus Deryk Engelland in Panthers zone.
1:40 of 1st period - Kevin Hayes is hit by Eric Brewer.
1:53 of 1st period - Wrist shot by Eric Brewer.
1:53 of 1st period - Deflect By Bryan Little.
1:53 of 1st period - Shot Misses the Net.
1:53 of 1st period - Puck is out of play.
1:54 of 1st period - Kevin Hayes wins face-off versus Deryk Engelland in Panthers zone.
1:59 of 1st period - Tim Gleason is hit by Calvin de Haan and loses puck.
3:34 of 1st period - Slapshot by Taylor Hall.
3:34 of 1st period - Shot Misses the Net.
3:42 of 1st period - Minor Penalty to Curtis Lazar for Unsportsmanlike conduct.
3:43 of 1st period - Ryan Johansen wins face-off versus Evgeni Malkin in Panthers zone.
5:17 of 1st period - Charlie Coyle is hit by Evgeni Malkin and loses puck.
5:34 of 1st period - Tom Gilbert is hit by Ron Hainsey.
5:42 of 1st period - Penalty to Curtis Lazar is over, Curtis Lazar is back on ice.
5:42 of 1st period - Adam Larsson is hit by Tom Gilbert and loses puck.
5:56 of 1st period - Minor Penalty to Jarret Stoll for Hooking.
5:57 of 1st period - Charlie Coyle wins face-off versus Bryan Little in Flyers zone.
5:58 of 1st period - Snap shot by Brad Boyes.
5:58 of 1st period - Goal by Brad Boyes - Flyers : 0 - Panthers : 1.
5:59 of 1st period - Evgeni Malkin wins face-off versus Charlie Coyle in neutral zone.
6:21 of 1st period - Evgeni Malkin is hit by Simon Despres and loses puck.
6:59 of 1st period - Robert Bortuzzo is hit by Riley Nash and loses puck.
7:43 of 1st period - Slapshot by Curtis Lazar.
7:43 of 1st period - Stopped by Corey Crawford without a rebound.
7:44 of 1st period - Bryan Little wins face-off versus Curtis Lazar in Flyers zone.
7:54 of 1st period - Minor Penalty to Adam Larsson for Slashing.
7:55 of 1st period - Bryan Little wins face-off versus Ryan Johansen in Panthers zone.
8:38 of 1st period - Minor Penalty to Alex Galchenyuk for Holding.
8:39 of 1st period - Ryan Johansen wins face-off versus Evgeni Malkin in Panthers zone.
9:08 of 1st period - Slapshot by P.K. Subban.
9:08 of 1st period - Shot Misses the Net.
9:10 of 1st period - Slapshot by Niklas Kronwall.
9:10 of 1st period - Stopped by Robin Lehner without a rebound.
9:11 of 1st period - Bryan Little wins face-off versus Ryan Johansen in Panthers zone.
9:12 of 1st period - Wrist shot by Corey Perry.
9:12 of 1st period - Deflect By Bryan Little.
9:12 of 1st period - Goal by Bryan Little - Flyers : 1 - Panthers : 1.
9:13 of 1st period - Bryan Little wins face-off versus Ryan Johansen in neutral zone.
10:16 of 1st period - Simon Despres is hit by P.K. Subban and loses puck.
10:38 of 1st period - Penalty to Alex Galchenyuk is over, Alex Galchenyuk is back on ice.
10:51 of 1st period - Minor Penalty to Sean Bergenheim for Holding.
10:52 of 1st period - Evgeni Malkin wins face-off versus Charlie Coyle in Panthers zone.
10:56 of 1st period - Slapshot by Kyle Okposo.
10:56 of 1st period - Shot Misses the Net.
10:58 of 1st period - Slapshot by Barret Jackman.
10:58 of 1st period - Shot Misses the Net.
11:00 of 1st period - Wrist shot by Tom Gilbert.
11:00 of 1st period - Shot Blocked by Ron Hainsey.
11:02 of 1st period - Slapshot by Tom Gilbert.
11:02 of 1st period - Shot Misses the Net.
11:04 of 1st period - Slapshot by Tom Gilbert.
11:04 of 1st period - Shot Misses the Net.
11:06 of 1st period - Snap shot by Tom Gilbert.
11:06 of 1st period - Shot Misses the Net.
11:08 of 1st period - Slapshot by Tom Gilbert.
11:08 of 1st period - Stopped by Robin Lehner with a rebound.
11:10 of 1st period - Slapshot by Barret Jackman.
11:10 of 1st period - Shot Misses the Net.
11:46 of 1st period - Tom Gilbert is hit by Ryan Johansen and loses puck.
11:57 of 1st period - Charlie Coyle is hit by Kyle Okposo and loses puck.
12:08 of 1st period - Calvin de Haan is hit by Corey Perry and loses puck.
12:43 of 1st period - Wrist shot by Gabriel Landeskog.
12:43 of 1st period - Shot Blocked by Nino Niederreiter.
12:51 of 1st period - Penalty to Sean Bergenheim is over, Sean Bergenheim is back on ice.
13:24 of 1st period - Slapshot by Kevin Hayes.
13:24 of 1st period - Shot Misses the Net.
13:30 of 1st period - Lubomir Visnovsky is hit by Corey Perry and loses puck.
14:01 of 1st period - Snap shot by Taylor Hall.
14:01 of 1st period - Stopped by Robin Lehner with a rebound.
14:03 of 1st period - Snap shot by Riley Nash.
14:03 of 1st period - Deflect By Taylor Hall.
14:03 of 1st period - Goal by Taylor Hall - Flyers : 2 - Panthers : 1.
14:04 of 1st period - Jarret Stoll wins face-off versus Jesper Fast in neutral zone.
14:27 of 1st period - Tom Gilbert is hit by Curtis Lazar.
14:53 of 1st period - Snap shot by Evgeni Malkin.
14:53 of 1st period - Stopped by Robin Lehner with a rebound.
15:41 of 1st period - Slapshot by Alex Galchenyuk.
15:41 of 1st period - Stopped by Corey Crawford with a rebound.
15:49 of 1st period - Minor Penalty to Eric Brewer for Hooking.
15:50 of 1st period - Charlie Coyle wins face-off versus Chris Kreider in Flyers zone.
15:55 of 1st period - Snap shot by Brad Boyes.
15:55 of 1st period - Stopped by Corey Crawford without a rebound.
15:56 of 1st period - Charlie Coyle wins face-off versus Chris Kreider in Flyers zone.
16:15 of 1st period - Niklas Kronwall is hit by Charlie Coyle and loses puck.
16:32 of 1st period - Snap shot by Evgeni Malkin.
16:32 of 1st period - Goal by Evgeni Malkin - Flyers : 3 - Panthers : 1.
16:33 of 1st period - Bryan Little wins face-off versus Ryan Johansen in neutral zone.
17:49 of 1st period - Penalty to Eric Brewer is over, Eric Brewer is back on ice.
18:33 of 1st period - Niklas Kronwall is hit by Adam Larsson and loses puck.
18:42 of 1st period - Wrist shot by Kevin Hayes.
18:42 of 1st period - Shot Blocked by Taylor Hall.
18:44 of 1st period - Backhand shot by Kevin Hayes.
18:44 of 1st period - Stopped by Corey Crawford with a rebound.
19:23 of 1st period - Minor Penalty to P.K. Subban for Hooking.
19:24 of 1st period - Charlie Coyle wins face-off versus Bryan Little in Flyers zone.
Goals for this period are 3 for Flyers vs 1 for Panthers.
Shots for this period are 9 for Flyers vs 5 for Panthers.

2nd period


0:01 of 2nd period - Bryan Little wins face-off versus Ryan Johansen in neutral zone.
0:10 of 2nd period - Wrist shot by Ryan Johansen.
0:10 of 2nd period - Shot Misses the Net.
0:12 of 2nd period - Snap shot by Ron Hainsey.
0:12 of 2nd period - Stopped by Corey Crawford without a rebound.
0:13 of 2nd period - Bryan Little wins face-off versus Ryan Johansen in Flyers zone.
1:20 of 2nd period - Niklas Kronwall is hit by Charlie Coyle and loses puck.
1:23 of 2nd period - Penalty to P.K. Subban is over, P.K. Subban is back on ice.
1:49 of 2nd period - Slapshot by Paul Byron.
1:49 of 2nd period - Stopped by Corey Crawford with a rebound.
1:56 of 2nd period - Off-side.
1:57 of 2nd period - Jarret Stoll wins face-off versus Curtis Lazar in neutral zone.
2:02 of 2nd period - Slapshot by Taylor Hall.
2:02 of 2nd period - Stopped by Robin Lehner with a rebound.
2:22 of 2nd period - Wrist shot by Sean Bergenheim.
2:22 of 2nd period - Deflect By Barret Jackman.
2:22 of 2nd period - Shot Blocked by Riley Nash.
2:22 of 2nd period - Puck is out of play.
2:23 of 2nd period - Ryan Johansen wins face-off versus Evgeni Malkin in Flyers zone.
2:41 of 2nd period - Snap shot by Ron Hainsey.
2:41 of 2nd period - Stopped by Corey Crawford with a rebound.
2:43 of 2nd period - Slapshot by Ron Hainsey.
2:43 of 2nd period - Stopped by Corey Crawford without a rebound.
2:44 of 2nd period - Bryan Little wins face-off versus Charlie Coyle in Flyers zone.
3:01 of 2nd period - Slapshot by Corey Perry.
3:01 of 2nd period - Shot Misses the Net.
3:03 of 2nd period - Wrist shot by Corey Perry.
3:03 of 2nd period - Stopped by Robin Lehner with a rebound.
3:05 of 2nd period - Slapshot by P.K. Subban.
3:05 of 2nd period - Stopped by Robin Lehner with a rebound.
3:07 of 2nd period - Slapshot by Corey Perry.
3:07 of 2nd period - Stopped by Robin Lehner with a rebound.
3:17 of 2nd period - Snap shot by Jakub Voracek.
3:17 of 2nd period - Stopped by Robin Lehner with a rebound.
3:35 of 2nd period - Barret Jackman is hit by Simon Despres and loses puck.
4:00 of 2nd period - Minor Penalty to Taylor Hall for Hooking.
4:01 of 2nd period - Ryan Johansen wins face-off versus Bryan Little in Flyers zone.
4:26 of 2nd period - Slapshot by P.K. Subban.
4:26 of 2nd period - Shot Blocked by Ron Hainsey.
4:50 of 2nd period - Bryan Little is hit by Charlie Coyle and loses puck.
4:57 of 2nd period - Ron Hainsey is hit by Bryan Little and loses puck.
5:32 of 2nd period - Off-side.
5:33 of 2nd period - Bryan Little wins face-off versus Ryan Johansen in neutral zone.
5:36 of 2nd period - Slapshot by Evgeni Malkin.
5:36 of 2nd period - Shot Blocked by Simon Despres.
6:00 of 2nd period - Penalty to Taylor Hall is over, Taylor Hall is back on ice.
6:01 of 2nd period - Icing by Charlie Coyle.
6:02 of 2nd period - Charlie Coyle wins face-off versus Taylor Hall in Panthers zone.
6:40 of 2nd period - Icing by Brad Boyes.
6:41 of 2nd period - Evgeni Malkin wins face-off versus Charlie Coyle in Panthers zone.
6:42 of 2nd period - Slapshot by Kyle Okposo.
6:42 of 2nd period - Shot Blocked by Simon Despres.
7:04 of 2nd period - Wrist shot by Kyle Okposo.
7:04 of 2nd period - Stopped by Robin Lehner with a rebound.
7:06 of 2nd period - Slapshot by Evgeni Malkin.
7:06 of 2nd period - Shot Misses the Net.
7:08 of 2nd period - Slapshot by Tom Gilbert.
7:08 of 2nd period - Shot Blocked by Robert Bortuzzo.
7:10 of 2nd period - Snap shot by Kyle Okposo.
7:10 of 2nd period - Shot Misses the Net.
7:24 of 2nd period - Slapshot by Corey Perry.
7:24 of 2nd period - Deflect By Jakub Voracek.
7:24 of 2nd period - Shot Blocked by Paul Byron.
7:24 of 2nd period - Puck is out of play.
7:25 of 2nd period - Bryan Little wins face-off versus Nino Niederreiter in Panthers zone.
7:54 of 2nd period - Snap shot by Alex Galchenyuk.
7:54 of 2nd period - Shot Misses the Net.
8:20 of 2nd period - Robert Bortuzzo is hit by Riley Nash and loses puck.
8:43 of 2nd period - Wrist shot by Jesper Fast.
8:43 of 2nd period - Shot Blocked by Eric Brewer.
9:01 of 2nd period - Snap shot by Kevin Hayes.
9:01 of 2nd period - Stopped by Corey Crawford with a rebound.
9:03 of 2nd period - Snap shot by Alexander Semin.
9:03 of 2nd period - Stopped by Corey Crawford without a rebound.
9:04 of 2nd period - Evgeni Malkin wins face-off versus Kevin Hayes in Flyers zone.
9:51 of 2nd period - Snap shot by Chris Kreider.
9:51 of 2nd period - Shot Blocked by Jakob Silfverberg.
9:53 of 2nd period - Slapshot by Tom Gilbert.
9:53 of 2nd period - Shot Blocked by Simon Despres.
9:55 of 2nd period - Snap shot by P.K. Subban.
9:55 of 2nd period - Stopped by Robin Lehner with a rebound.
9:57 of 2nd period - Slapshot by Niklas Kronwall.
9:57 of 2nd period - Shot Misses the Net.
9:59 of 2nd period - Wrist shot by Niklas Kronwall.
9:59 of 2nd period - Stopped by Robin Lehner with a rebound.
10:01 of 2nd period - Wrist shot by Niklas Kronwall.
10:01 of 2nd period - Shot Misses the Net.
10:03 of 2nd period - Slapshot by Niklas Kronwall.
10:03 of 2nd period - Stopped by Robin Lehner with a rebound.
10:09 of 2nd period - Minor Penalty to Calvin de Haan for Tripping.
10:10 of 2nd period - Bryan Little wins face-off versus Alex Galchenyuk in Panthers zone.
10:25 of 2nd period - Slapshot by Jakub Voracek.
10:25 of 2nd period - Goal by Jakub Voracek - Flyers : 4 - Panthers : 1.
10:26 of 2nd period - Kyle Okposo wins face-off versus Alex Galchenyuk in neutral zone.
11:17 of 2nd period - Niklas Kronwall is hit by Alex Galchenyuk.
11:33 of 2nd period - Minor Penalty to Jarret Stoll for Hooking.
11:34 of 2nd period - Bryan Little wins face-off versus Charlie Coyle in Flyers zone.
11:44 of 2nd period - Snap shot by Brad Boyes.
11:44 of 2nd period - Stopped by Corey Crawford without a rebound.
11:45 of 2nd period - Charlie Coyle wins face-off versus Bryan Little in Flyers zone.
11:51 of 2nd period - Slapshot by Calvin de Haan.
11:51 of 2nd period - Shot Blocked by Tom Gilbert.
12:18 of 2nd period - Barret Jackman is hit by Simon Despres and loses puck.
12:49 of 2nd period - Niklas Kronwall is hit by Simon Despres and loses puck.
13:33 of 2nd period - Penalty to Jarret Stoll is over, Jarret Stoll is back on ice.
14:13 of 2nd period - Taylor Hall is hit by Robert Bortuzzo and loses puck.
15:10 of 2nd period - Jakob Silfverberg is hit by Kyle Okposo.
15:36 of 2nd period - Wrist shot by Kyle Okposo.
15:36 of 2nd period - Stopped by Robin Lehner with a rebound.
16:24 of 2nd period - Wrist shot by Kevin Hayes.
16:24 of 2nd period - Stopped by Corey Crawford with a rebound.
16:26 of 2nd period - Snap shot by Paul Byron.
16:26 of 2nd period - Shot Blocked by Tim Gleason.
17:07 of 2nd period - Lubomir Visnovsky is hit by Chris Kreider and loses puck.
17:30 of 2nd period - Lubomir Visnovsky is hit by Taylor Hall and loses puck.
18:28 of 2nd period - Slapshot by Chris Kreider.
18:28 of 2nd period - Stopped by Robin Lehner with a rebound.
19:45 of 2nd period - Tom Gilbert is hit by Adam Larsson and loses puck.
Goals for this period are 1 for Flyers vs 0 for Panthers.
Shots for this period are 12 for Flyers vs 8 for Panthers.

3rd period


0:01 of 3rd period - Ryan Johansen wins face-off versus Bryan Little in neutral zone.
0:14 of 3rd period - Wrist shot by Alex Galchenyuk.
0:14 of 3rd period - Shot Blocked by Niklas Kronwall.
0:16 of 3rd period - Snap shot by Adam Larsson.
0:16 of 3rd period - Stopped by Corey Crawford without a rebound.
0:17 of 3rd period - Bryan Little wins face-off versus Nino Niederreiter in Flyers zone.
0:22 of 3rd period - Alex Galchenyuk is hit by Corey Perry.
0:26 of 3rd period - Snap shot by Ryan Johansen.
0:26 of 3rd period - Shot Hit the Post.
0:28 of 3rd period - Slapshot by Adam Larsson.
0:28 of 3rd period - Shot Misses the Net.
0:30 of 3rd period - Slapshot by Adam Larsson.
0:30 of 3rd period - Shot Misses the Net.
0:32 of 3rd period - Slapshot by Ron Hainsey.
0:32 of 3rd period - Shot Blocked by Niklas Kronwall.
0:34 of 3rd period - Slapshot by Ron Hainsey.
0:34 of 3rd period - Shot Blocked by P.K. Subban.
0:36 of 3rd period - Wrist shot by Nino Niederreiter.
0:36 of 3rd period - Shot Misses the Net.
0:40 of 3rd period - Snap shot by Alex Galchenyuk.
0:40 of 3rd period - Stopped by Corey Crawford without a rebound.
0:41 of 3rd period - Evgeni Malkin wins face-off versus Charlie Coyle in Flyers zone.
0:50 of 3rd period - Snap shot by Kyle Okposo.
0:50 of 3rd period - Shot Misses the Net.
0:52 of 3rd period - Slapshot by Tom Gilbert.
0:52 of 3rd period - Stopped by Robin Lehner without a rebound.
0:53 of 3rd period - Evgeni Malkin wins face-off versus Charlie Coyle in Panthers zone.
1:45 of 3rd period - Minor Penalty to Corey Perry for Hooking.
1:46 of 3rd period - Ryan Johansen wins face-off versus Bryan Little in Flyers zone.
1:47 of 3rd period - Slapshot by Nino Niederreiter.
1:47 of 3rd period - Shot Misses the Net.
1:49 of 3rd period - Snap shot by Ryan Johansen.
1:49 of 3rd period - Shot Misses the Net.
2:02 of 3rd period - Slapshot by Ron Hainsey.
2:02 of 3rd period - Shot Blocked by Evgeni Malkin.
2:04 of 3rd period - Slapshot by Ron Hainsey.
2:04 of 3rd period - Shot Blocked by Niklas Kronwall.
2:06 of 3rd period - Snap shot by Adam Larsson.
2:06 of 3rd period - Shot Misses the Net.
2:38 of 3rd period - Adam Larsson is hit by Chris Kreider and loses puck.
2:52 of 3rd period - Minor Penalty to Chris Kreider for Cross-checking.
2:53 of 3rd period - Ryan Johansen wins face-off versus Bryan Little in Flyers zone.
2:57 of 3rd period - Snap shot by Nino Niederreiter.
2:57 of 3rd period - Shot Misses the Net.
2:59 of 3rd period - Slapshot by Calvin de Haan.
2:59 of 3rd period - Stopped by Corey Crawford without a rebound.
3:00 of 3rd period - Bryan Little wins face-off versus Ryan Johansen in Flyers zone.
3:15 of 3rd period - Snap shot by Ryan Johansen.
3:15 of 3rd period - Shot Misses the Net.
3:33 of 3rd period - Tom Gilbert is hit by Brad Boyes and loses puck.
3:38 of 3rd period - Slapshot by Charlie Coyle.
3:38 of 3rd period - Shot Misses the Net.
3:40 of 3rd period - Wrist shot by Jakob Silfverberg.
3:40 of 3rd period - Stopped by Corey Crawford without a rebound.
3:41 of 3rd period - Bryan Little wins face-off versus Charlie Coyle in Flyers zone.
3:45 of 3rd period - Penalty to Corey Perry is over, Corey Perry is back on ice.
4:24 of 3rd period - Off-side.
4:25 of 3rd period - Ryan Johansen wins face-off versus Corey Perry in neutral zone.
4:52 of 3rd period - Penalty to Chris Kreider is over, Chris Kreider is back on ice.
5:18 of 3rd period - Gabriel Landeskog is hit by Simon Despres and loses puck.
5:31 of 3rd period - Paul Byron is hit by Gabriel Landeskog and loses puck.
6:10 of 3rd period - Minor Penalty to Adam Larsson for Hooking.
6:11 of 3rd period - Ryan Johansen wins face-off versus Bryan Little in Panthers zone.
7:00 of 3rd period - Snap shot by Evgeni Malkin.
7:00 of 3rd period - Deflect By Ryan Johansen.
7:00 of 3rd period - Shot Blocked by Alex Galchenyuk.
7:00 of 3rd period - Puck is out of play.
7:01 of 3rd period - Bryan Little wins face-off versus Ryan Johansen in Panthers zone.
7:06 of 3rd period - Backhand shot by Jakub Voracek.
7:06 of 3rd period - Shot Misses the Net.
7:08 of 3rd period - Slapshot by Barret Jackman.
7:08 of 3rd period - Shot Blocked by Ron Hainsey.
7:10 of 3rd period - Slapshot by Tom Gilbert.
7:10 of 3rd period - Stopped by Robin Lehner with a rebound.
7:57 of 3rd period - Niklas Kronwall is hit by Charlie Coyle and loses puck.
8:10 of 3rd period - Penalty to Adam Larsson is over, Adam Larsson is back on ice.
8:27 of 3rd period - Slapshot by Taylor Hall.
8:27 of 3rd period - Shot Misses the Net.
8:53 of 3rd period - Tim Gleason is hit by Charlie Coyle and loses puck.
9:10 of 3rd period - Eric Brewer is hit by Paul Byron and loses puck.
9:21 of 3rd period - Wrist shot by Kyle Okposo.
9:21 of 3rd period - Deflect By Paul Byron.
9:21 of 3rd period - Stopped by Robin Lehner with a rebound.
10:25 of 3rd period - Minor Penalty to Tim Gleason for Interference.
10:26 of 3rd period - Bryan Little wins face-off versus Charlie Coyle in Flyers zone.
10:37 of 3rd period - Tom Gilbert is hit by Simon Despres and loses puck.
11:16 of 3rd period - Slapshot by Nino Niederreiter.
11:16 of 3rd period - Deflect By Barret Jackman.
11:16 of 3rd period - Stopped by Corey Crawford without a rebound.
11:17 of 3rd period - Ryan Johansen wins face-off versus Corey Perry in Flyers zone.
11:20 of 3rd period - Wrist shot by Alex Galchenyuk.
11:20 of 3rd period - Deflect By Ryan Johansen.
11:20 of 3rd period - Shot Blocked by P.K. Subban.
11:20 of 3rd period - Puck is out of play.
11:21 of 3rd period - Corey Perry wins face-off versus Ryan Johansen in Flyers zone.
12:25 of 3rd period - Penalty to Tim Gleason is over, Tim Gleason is back on ice.
12:47 of 3rd period - Alexander Semin is hit by Jarret Stoll and loses puck.
12:55 of 3rd period - Off-side.
12:56 of 3rd period - Curtis Lazar wins face-off versus Evgeni Malkin in neutral zone.
13:09 of 3rd period - Snap shot by Jesper Fast.
13:09 of 3rd period - Stopped by Corey Crawford without a rebound.
13:10 of 3rd period - Evgeni Malkin wins face-off versus Curtis Lazar in Flyers zone.
13:12 of 3rd period - Minor Penalty to Gabriel Landeskog for Hooking.
13:13 of 3rd period - Ryan Johansen wins face-off versus Bryan Little in Flyers zone.
13:37 of 3rd period - Wrist shot by Ryan Johansen.
13:37 of 3rd period - Stopped by Corey Crawford without a rebound.
13:38 of 3rd period - Charlie Coyle wins face-off versus Bryan Little in Flyers zone.
14:23 of 3rd period - Snap shot by Evgeni Malkin.
14:23 of 3rd period - Shot Misses the Net.
14:52 of 3rd period - Corey Perry is hit by Alex Galchenyuk.
15:01 of 3rd period - Simon Despres is hit by Tom Gilbert.
15:12 of 3rd period - Penalty to Gabriel Landeskog is over, Gabriel Landeskog is back on ice.
15:52 of 3rd period - Snap shot by Alexander Semin.
15:52 of 3rd period - Shot Misses the Net.
15:54 of 3rd period - Snap shot by Paul Byron.
15:54 of 3rd period - Stopped by Corey Crawford with a rebound.
15:56 of 3rd period - Slapshot by Robert Bortuzzo.
15:56 of 3rd period - Stopped by Corey Crawford without a rebound.
15:57 of 3rd period - Jarret Stoll wins face-off versus Curtis Lazar in Flyers zone.
16:23 of 3rd period - Icing by P.K. Subban.
16:24 of 3rd period - Charlie Coyle wins face-off versus Jarret Stoll in Flyers zone.
16:33 of 3rd period - Snap shot by Charlie Coyle.
16:33 of 3rd period - Shot Blocked by P.K. Subban.
17:05 of 3rd period - Jakob Silfverberg is hit by Evgeni Malkin and loses puck.
17:43 of 3rd period - Wrist shot by Riley Nash.
17:43 of 3rd period - Shot Misses the Net.
17:45 of 3rd period - Slapshot by Eric Brewer.
17:45 of 3rd period - Deflect By Brad Boyes.
17:45 of 3rd period - Stopped by Robin Lehner without a rebound.
17:46 of 3rd period - Jarret Stoll wins face-off versus Ryan Johansen in Panthers zone.
17:49 of 3rd period - Slapshot by P.K. Subban.
17:49 of 3rd period - Deflect By Ryan Johansen.
17:49 of 3rd period - Stopped by Robin Lehner with a rebound.
18:43 of 3rd period - Minor Penalty to Alex Galchenyuk for High sticking.
18:44 of 3rd period - Bryan Little wins face-off versus Ryan Johansen in Panthers zone.
18:45 of 3rd period - Snap shot by Corey Perry.
18:45 of 3rd period - Goal by Corey Perry - Flyers : 5 - Panthers : 1.
18:46 of 3rd period - Alexander Semin wins face-off versus Jarret Stoll in neutral zone.
18:48 of 3rd period - Minor Penalty to Simon Despres for Holding Stick.
18:49 of 3rd period - Evgeni Malkin wins face-off versus Ryan Johansen in Panthers zone.
19:10 of 3rd period - Snap shot by Evgeni Malkin.
19:10 of 3rd period - Deflect By Kyle Okposo.
19:10 of 3rd period - Shot Misses the Net.
19:10 of 3rd period - Puck is out of play.
19:11 of 3rd period - Bryan Little wins face-off versus Ryan Johansen in Panthers zone.
19:12 of 3rd period - Snap shot by Corey Perry.
19:12 of 3rd period - Stopped by Robin Lehner with a rebound.
19:14 of 3rd period - Slapshot by P.K. Subban.
19:14 of 3rd period - Deflect By Ryan Johansen.
19:14 of 3rd period - Goal by P.K. Subban - Flyers : 6 - Panthers : 1.
19:15 of 3rd period - Ryan Johansen wins face-off versus Bryan Little in neutral zone.
19:18 of 3rd period - Snap shot by Ryan Johansen.
19:18 of 3rd period - Deflect By Alex Galchenyuk.
19:18 of 3rd period - Shot Misses the Net.
19:18 of 3rd period - Puck is out of play.
19:19 of 3rd period - Ryan Johansen wins face-off versus Jakub Voracek in Flyers zone.
19:29 of 3rd period - Minor Penalty to P.K. Subban for Roughing.
19:30 of 3rd period - Bryan Little wins face-off versus Ryan Johansen in Flyers zone.
19:52 of 3rd period - Backhand shot by Ryan Johansen.
19:52 of 3rd period - Shot Misses the Net.
19:54 of 3rd period - Snap shot by Nino Niederreiter.
19:54 of 3rd period - Shot Misses the Net.
19:56 of 3rd period - Slapshot by Adam Larsson.
19:56 of 3rd period - Stopped by Corey Crawford without a rebound.
19:57 of 3rd period - Bryan Little wins face-off versus Charlie Coyle in Flyers zone.
Goals for this period are 2 for Flyers vs 0 for Panthers.
Shots for this period are 8 for Flyers vs 10 for Panthers.